TOP OF THE 1ST |
Beloit Snappers batting - Pitching for Lexington Legends : RHP Matt Voulgaris
|
Pitching: RHP Matt Voulgaris
|
|
Batting: RHB Dan Boylan
|
0-0: Called Strike 0-1: Ground out 6-3 (Groundball, 6, EV 91.2 MPH)
|
Batting: RHB Scott Wiggs
|
0-0: Ball 1-0: Foul Ball, location: 2F 1-1: Ball 2-1: Foul Ball, location: 2F 2-2: SINGLE (Groundball, 5S, EV 66.9 MPH) (infield hit)
|
Batting: RHB Diwan Abdul-Salam
|
0-0: Ball 1-0: Called Strike 1-1: Ball 2-1: Foul Ball, location: 2F 2-2: Foul Ball, location: 2F 2-2: Strikes out swinging
|
Batting: RHB Kyle Waters
|
0-0: Ball Wild Pitch! Scott Wiggs to second 1-0: Called Strike 1-1: Foul Ball, location: 2F 1-2: Foul Ball, location: 2F 1-2: Foul Ball, location: 2F 1-2: Ball 2-2: Foul Ball, location: 2F 2-2: Foul Ball, location: 2F 2-2: Foul Ball, location: 2F 2-2: Foul Ball, location: 2F 2-2: Fly out, F8 (Flyball, 8LD, EV 101.2 MPH)
|
Top of the 1st over - 0 runs, 1 hit, 0 errors, 1 left on base; Beloit 0 - Lexington 0 |
BOTTOM OF THE 1ST |
Lexington Legends batting - Pitching for Beloit Snappers : RHP Jaylen Walker
|
Pitching: RHP Jaylen Walker
|
|
Batting: RHB Matt Belgard
|
0-0: Hit by Pitch
|
Batting: RHB Yi-lin Niu
|
0-0: Ball 1-0: Ball 2-0: SINGLE (Groundball, 6M, EV 109.4 MPH) (infield hit) Matt Belgard to second
|
Batting: RHB Kevin Roseen
|
0-0: Called Strike 0-1: SINGLE (Groundball, 34D, EV 105.6 MPH) Matt Belgard to third Yi-lin Niu to second Runner from 3rd tries for Home, SAFE, throw by RF to home
|
Batting: RHB Justin Bonner
|
0-0: Called Strike 0-1: Swinging Strike 0-2: Strikes out swinging
|
Batting: RHB Alex Cid
|
0-0: Called Strike Yi-lin Niu steals 3rd base Kevin Roseen to second 0-1: Fly out, F8 (Flyball, 8RS, EV 87.5 MPH)
|
Batting: SHB Jason Anaya
|
0-0: Ball 1-0: Ball 2-0: Called Strike 2-1: Ball 3-1: Foul Ball, location: 2F 3-2: Base on Balls
|
Batting: RHB Andy Urquhart
|
0-0: Hit by Pitch Yi-lin Niu scores Kevin Roseen to third Jason Anaya to second
|
Batting: RHB Dante McCauley
|
0-0: Ball 1-0: Called Strike 1-1: Called Strike 1-2: Ball 2-2: Foul Ball, location: 2F 2-2: Fielders Choice at 2nd, 6-4 (Groundball, 6, EV 88.8 MPH)
|
Bottom of the 1st over - 2 runs, 2 hits, 0 errors, 3 left on base; Beloit 0 - Lexington 2 |
TOP OF THE 2ND |
Beloit Snappers batting - Pitching for Lexington Legends : RHP Matt Voulgaris
|
Batting: RHB Manny Vizzerra
|
0-0: Ball 1-0: Foul Ball, location: 2F 1-1: Foul Ball, location: 2F 1-2: Ball 2-2: Strikes out swinging
|
Batting: RHB Rick Linders
|
0-0: Called Strike 0-1: Called Strike 0-2: Strikes out looking
|
Batting: RHB Travis Lanctot
|
0-0: Called Strike 0-1: Ground out 6-3 (Groundball, 6, EV 98.8 MPH)
|
Top of the 2nd over - 0 runs, 0 hits, 0 errors, 0 left on base; Beloit 0 - Lexington 2 |
BOTTOM OF THE 2ND |
Lexington Legends batting - Pitching for Beloit Snappers : RHP Jaylen Walker
|
Batting: RHB Gabe Torres
|
0-0: Foul Ball, location: 2F 0-1: Called Strike 0-2: Strikes out looking
|
Batting: RHB Matt Belgard
|
0-0: Ball 1-0: Swinging Strike 1-1: Foul Ball, location: 2F 1-2: Foul Ball, location: 2F 1-2: Ball 2-2: Ball 3-2: Base on Balls
|
Batting: RHB Yi-lin Niu
|
0-0: Ball 1-0: Ground out 4-3 (Groundball, 13, EV 82.5 MPH) Matt Belgard to second
|
Batting: RHB Kevin Roseen
|
0-0: Called Strike 0-1: Foul Ball, location: 2F 0-2: Ball 1-2: Ball 2-2: DOUBLE (Flyball, 89D, EV 103.8 MPH) Matt Belgard scores
|
Batting: RHB Justin Bonner
|
0-0: Called Strike 0-1: Ball 1-1: Ball Wild Pitch! Kevin Roseen to third 2-1: Ball 3-1: Base on Balls
|
Batting: RHB Alex Cid
|
0-0: Ball 1-0: Swinging Strike 1-1: Foul Ball, location: 2F 1-2: Ground out U3 (Groundball, 3S, EV 73.8 MPH)
|
Bottom of the 2nd over - 1 run, 1 hit, 0 errors, 2 left on base; Beloit 0 - Lexington 3 |
TOP OF THE 3RD |
Beloit Snappers batting - Pitching for Lexington Legends : RHP Matt Voulgaris
|
Batting: LHB Raita Inouye
|
0-0: Called Strike 0-1: Ground out 1-3 (Groundball, 13S, EV 70.0 MPH)
|
Batting: RHB Jim Conrad
|
0-0: Ball 1-0: Swinging Strike 1-1: Ball 2-1: Foul Ball, location: 2F 2-2: Strikes out looking
|
Batting: RHB Dan Boylan
|
0-0: Called Strike 0-1: Ball 1-1: Ball 2-1: Ball 3-1: Base on Balls
|
Batting: RHB Scott Wiggs
|
0-0: Ball 1-0: Ball Dan Boylan steals 2nd base 2-0: Swinging Strike 2-1: Called Strike 2-2: Foul Ball, location: 2F 2-2: Strikes out swinging
|
Top of the 3rd over - 0 runs, 0 hits, 0 errors, 1 left on base; Beloit 0 - Lexington 3 |
BOTTOM OF THE 3RD |
Lexington Legends batting - Pitching for Beloit Snappers : RHP Jaylen Walker
|
Pitching: RHP Mike Bowling
|
|
Batting: SHB Jason Anaya
|
0-0: Swinging Strike 0-1: Foul Ball, location: 2F 0-2: Reached on error, E6 (Groundball, 6, EV 98.8 MPH)
|
Batting: RHB Andy Urquhart
|
0-0: Called Strike 0-1: Ball 1-1: Swinging Strike 1-2: Ball 2-2: Foul Ball, location: 2F 2-2: Grounds into double play, 6-4-3 (Groundball, 6, EV 101.2 MPH)
|
Batting: RHB Dante McCauley
|
0-0: Ball 1-0: Fly out, F7 (Flyball, 7D, EV 106.2 MPH)
|
Bottom of the 3rd over - 0 runs, 0 hits, 1 error, 0 left on base; Beloit 0 - Lexington 3 |
TOP OF THE 4TH |
Beloit Snappers batting - Pitching for Lexington Legends : RHP Matt Voulgaris
|
Batting: RHB Diwan Abdul-Salam
|
0-0: Foul Ball, location: 2F 0-1: Ball 1-1: SOLO HOME RUN (Flyball, 7D, EV 99.4 MPH), Distance : 382 ft
|
Batting: RHB Kyle Waters
|
0-0: Swinging Strike 0-1: Called Strike 0-2: Ball 1-2: Strikes out swinging
|
Batting: RHB Manny Vizzerra
|
0-0: Ball 1-0: Ground out 6-3 (Groundball, 56D, EV 81.2 MPH)
|
Batting: RHB Rick Linders
|
0-0: SINGLE (Line Drive, 56, EV 103.8 MPH)
|
Batting: RHB Travis Lanctot
|
0-0: Foul Ball, location: 2F 0-1: Ball Rick Linders is caught stealing 2nd base 2-4
|
Top of the 4th over - 1 run, 2 hits, 0 errors, 0 left on base; Beloit 1 - Lexington 3 |
BOTTOM OF THE 4TH |
Lexington Legends batting - Pitching for Beloit Snappers : RHP Mike Bowling
|
Batting: RHB Gabe Torres
|
0-0: SINGLE (Line Drive, 7S, EV 104.4 MPH)
|
Batting: RHB Matt Belgard
|
0-0: Called Strike 0-1: Foul Ball, location: 2F 0-2: Ball 1-2: SINGLE (Groundball, 34D, EV 103.8 MPH) Gabe Torres to second Runner from 2nd tries for 3rd, SAFE, throw by RF made to third
|
Batting: RHB Yi-lin Niu
|
0-0: Ball 1-0: Called Strike 1-1: Ball 2-1: Foul Ball, location: 2F 2-2: Strikes out swinging
|
Batting: RHB Kevin Roseen
|
0-0: Called Strike 0-1: Foul Ball, location: 2F 0-2: Grounds into double play, 4-6-3 (Groundball, 4, EV 102.5 MPH)
|
Bottom of the 4th over - 0 runs, 2 hits, 0 errors, 1 left on base; Beloit 1 - Lexington 3 |
TOP OF THE 5TH |
Beloit Snappers batting - Pitching for Lexington Legends : RHP Matt Voulgaris
|
Batting: RHB Travis Lanctot
|
0-0: Called Strike 0-1: Foul Ball, location: 2F 0-2: Foul Ball, location: 2F 0-2: Ball 1-2: Strikes out swinging
|
Batting: LHB Raita Inouye
|
0-0: Ball 1-0: Called Strike 1-1: Foul Ball, location: 2F 1-2: Strikes out looking
|
Batting: RHB Jim Conrad
|
0-0: Called Strike 0-1: Ball 1-1: Ball 2-1: Ball 3-1: SOLO HOME RUN (Flyball, 7D, EV 102.5 MPH), Distance : 391 ft
|
Batting: RHB Dan Boylan
|
0-0: Ball 1-0: Called Strike 1-1: Ball 2-1: Ball 3-1: Called Strike 3-2: Strikes out swinging
|
Top of the 5th over - 1 run, 1 hit, 0 errors, 0 left on base; Beloit 2 - Lexington 3 |
BOTTOM OF THE 5TH |
Lexington Legends batting - Pitching for Beloit Snappers : RHP Mike Bowling
|
Batting: RHB Justin Bonner
|
0-0: Swinging Strike 0-1: Swinging Strike 0-2: Strikes out looking
|
Batting: RHB Alex Cid
|
0-0: Ground out 6-3 (Groundball, 6M, EV 96.9 MPH)
|
Batting: SHB Jason Anaya
|
0-0: Called Strike 0-1: Ball 1-1: Ground out U3 (Groundball, 34, EV 85.6 MPH)
|
Bottom of the 5th over - 0 runs, 0 hits, 0 errors, 0 left on base; Beloit 2 - Lexington 3 |
TOP OF THE 6TH |
Beloit Snappers batting - Pitching for Lexington Legends : RHP Matt Voulgaris
|
Batting: RHB Scott Wiggs
|
0-0: Called Strike 0-1: Foul Ball, location: 2F 0-2: Ball 1-2: Strikes out swinging
|
Batting: RHB Diwan Abdul-Salam
|
0-0: Foul Ball, location: 2F 0-1: Ball 1-1: Swinging Strike 1-2: Foul Ball, location: 2F 1-2: Ball 2-2: DOUBLE (Flyball, 89XD, EV 110.0 MPH)
|
Batting: RHB Kyle Waters
|
0-0: Called Strike 0-1: Foul Ball, location: 2F 0-2: Foul Ball, location: 2F 0-2: Ball 1-2: Strikes out looking
|
Batting: LHB Nick Pacheco
|
0-0: Ground out U3 (Groundball, 3, EV 82.5 MPH)
|
Top of the 6th over - 0 runs, 1 hit, 0 errors, 1 left on base; Beloit 2 - Lexington 3 |
BOTTOM OF THE 6TH |
Lexington Legends batting - Pitching for Beloit Snappers : RHP Mike Bowling
|
Batting: RHB Andy Urquhart
|
0-0: Ball 1-0: Ball 2-0: Called Strike 2-1: Fly out, F8 (Flyball, 78XD, EV 98.1 MPH)
|
Batting: RHB Dante McCauley
|
0-0: Ball 1-0: Ground out 4-3 (Groundball, 4, EV 96.9 MPH)
|
Batting: RHB Gabe Torres
|
0-0: Foul Ball, location: 2F 0-1: Ball 1-1: Swinging Strike 1-2: Ground out 4-3 (Groundball, 4, EV 95.0 MPH)
|
Bottom of the 6th over - 0 runs, 0 hits, 0 errors, 0 left on base; Beloit 2 - Lexington 3 |
TOP OF THE 7TH |
Beloit Snappers batting - Pitching for Lexington Legends : RHP Matt Voulgaris
|
Batting: RHB Rick Linders
|
0-0: Foul Ball, location: 2F 0-1: Foul Ball, location: 2F 0-2: Ground out U3 (Groundball, 34S, EV 93.1 MPH)
|
Pinch Hitting: LHB Tom Raupp
|
0-0: Ball 1-0: Called Strike 1-1: Ground out 6-3 (Groundball, 4D, EV 107.5 MPH)
|
Batting: LHB Raita Inouye
|
0-0: Ball 1-0: Hit by Pitch
|
Pitching: RHP Brian Straub
|
|
Batting: RHB Jim Conrad
|
0-0: Ball 1-0: Ball 2-0: Called Strike 2-1: Called Strike Raita Inouye is caught stealing 2nd base 2-4
|
Top of the 7th over - 0 runs, 0 hits, 0 errors, 0 left on base; Beloit 2 - Lexington 3 |
BOTTOM OF THE 7TH |
Lexington Legends batting - Pitching for Beloit Snappers : RHP Mike Bowling
|
Pitching: RHP C.J. Ledger
|
|
Now at SS: Manny Moron
|
|
Batting: RHB Matt Belgard
|
0-0: Ball 1-0: Ball 2-0: Ball 3-0: Base on Balls
|
Batting: RHB Yi-lin Niu
|
0-0: Bunted foul 0-1: Ball Matt Belgard is caught stealing 2nd base 2-4 1-1: Ball 2-1: Called Strike 2-2: Ball 3-2: SOLO HOME RUN (Line Drive, 7D, EV 106.2 MPH), Distance : 388 ft
|
Batting: RHB Kevin Roseen
|
0-0: Ball 1-0: Swinging Strike 1-1: Fly out, F9 (Flyball, 89M, EV 81.2 MPH)
|
Batting: RHB Justin Bonner
|
0-0: Called Strike 0-1: Called Strike 0-2: Ball 1-2: Strikes out swinging
|
Bottom of the 7th over - 1 run, 1 hit, 0 errors, 0 left on base; Beloit 2 - Lexington 4 |
TOP OF THE 8TH |
Beloit Snappers batting - Pitching for Lexington Legends : RHP Brian Straub
|
Batting: RHB Jim Conrad
|
0-0: Ball 1-0: Foul Ball, location: 2F 1-1: Reached on error, E5 (Groundball, 56, EV 82.5 MPH)
|
Batting: RHB Dan Boylan
|
0-0: Called Strike 0-1: Foul Ball, location: 2F 0-2: Foul Ball, location: 2F 0-2: Ball 1-2: Foul Ball, location: 2F 1-2: Strikes out swinging
|
Batting: RHB Scott Wiggs
|
0-0: Foul Ball, location: 2F 0-1: Called Strike 0-2: Ball 1-2: SINGLE (Groundball, 6D, EV 103.1 MPH) Jim Conrad to second
|
Batting: RHB Diwan Abdul-Salam
|
0-0: Called Strike 0-1: Called Strike 0-2: Ball 1-2: Ball 2-2: Ball 3-2: Grounds into double play, U5-3 (Groundball, 5L, EV 86.2 MPH)
|
Top of the 8th over - 0 runs, 1 hit, 1 error, 1 left on base; Beloit 2 - Lexington 4 |
BOTTOM OF THE 8TH |
Lexington Legends batting - Pitching for Beloit Snappers : RHP C.J. Ledger
|
Pitching: RHP Steve Friesner
|
|
Batting: RHB Alex Cid
|
0-0: Ball 1-0: Called Strike 1-1: Ground out U3 (Groundball, 34S, EV 89.4 MPH)
|
Batting: SHB Jason Anaya
|
0-0: Called Strike 0-1: Ball 1-1: Ball 2-1: Called Strike 2-2: Strikes out swinging
|
Batting: RHB Andy Urquhart
|
0-0: SINGLE (Line Drive, 7LS, EV 110.0 MPH)
|
Batting: RHB Dante McCauley
|
0-0: Foul Ball, location: 2F 0-1: Swinging Strike 0-2: Ball 1-2: Strikes out looking
|
Bottom of the 8th over - 0 runs, 1 hit, 0 errors, 1 left on base; Beloit 2 - Lexington 4 |
TOP OF THE 9TH |
Beloit Snappers batting - Pitching for Lexington Legends : RHP Brian Straub
|
Now at 1B: Jason Anaya
|
|
Now in RF: Josh Moore
|
|
Batting: RHB Kyle Waters
|
0-0: Ball 1-0: Called Strike 1-1: Swinging Strike 1-2: Strikes out swinging
|
Batting: LHB Nick Pacheco
|
0-0: Ball 1-0: Ball 2-0: Swinging Strike 2-1: Ball 3-1: DOUBLE (Line Drive, 89M, EV 103.8 MPH)
|
Pinch Hitting: SHB D.J. Codd
|
0-0: Called Strike 0-1: Foul Ball, location: 2F 0-2: Strikes out swinging
|
Batting: RHB Manny Moron
|
0-0: Called Strike 0-1: Ball 1-1: Called Strike 1-2: Ball 2-2: Foul Ball, location: 2F 2-2: Strikes out looking
|
Top of the 9th over - 0 runs, 1 hit, 0 errors, 1 left on base; Beloit 2 - Lexington 4 |
|